 Dungeon Crawl Stone Soup version 0.29-a0-330-g52719c12eb (webtiles) character file.

Game seed: 3369117047507259431

1590 kae the Gusty (level 8, 0/67 HPs)
             Began as an Ogre Air Elementalist on Apr 13, 2022.
             Was an Initiate of Gozag.
             Killed by their own static electricity (1 damage)
             ... on level 7 of the Dungeon.
             The game lasted 00:04:25 (8668 turns).

kae the Gusty (Ogre Air Elementalist)               Turns: 8668, Time: 00:04:25

Health: 0/67       AC: -8    Str: 13    XL:     8   Next: 92%
Magic:  14/17      EV:  9    Int: 18    God:    Gozag
Gold:   231        SH:  0    Dex:  9    Spells: 9/19 levels left

rFire   . . .      SeeInvis .   g - +1 dagger (venom)
rCold   . . .      Faith    .   (no shield)
rNeg    . . .      Spirit   .   a - +0 robe
rPois   .          Reflect  .   (helmet restricted)
rElec   .          Harm     .   x - +0 cloak
rCorr   .          Rampage  .   (gloves unavailable)
Will    .....                   (boots unavailable)
Stlth   +.........              n - amulet of magic regeneration
HPRegen 0.21/turn               (no ring)
MPRegen 0.55/turn               (no ring)

@: corroded, gold aura
A: large, unfitting armour, tough skin 1
a: Renounce Religion, Potion Petition, Call Merchant, Bribe Branch


You were on level 7 of the Dungeon.
You worshipped Gozag.
Gozag was aware of your devotion.
You visited 2 branches of the dungeon, and saw 8 of its levels.

You collected 403 gold pieces.
You spent 44 gold pieces at shops.
You paid 128 gold pieces to Gozag.

Inventory:

Hand Weapons
 g - a +1 dagger of venom (weapon)
Armour
 a - a +0 robe (worn)
 u - the -2 cloak of Dynk {rPois rCorr Dex+2 Stlth+}
   (You found it on level 5 of the Dungeon)

   Dex:       It affects your dexterity (+2).
   rPois:     It protects you from poison.
   rCorr:     It protects you from acid and corrosion.
   Stlth:     It makes you more stealthy.
 x - a +0 cloak (worn)
Jewellery
 k - an amulet of reflection
 n - an amulet of magic regeneration (around neck)
 r - an amulet of the acrobat
 t - a +6 ring of dexterity
Wands
 f - a wand of iceblast (8)
 m - a wand of flame (16)
 s - a wand of charming (8)
Scrolls
 d - 7 scrolls of teleportation
 i - a scroll of enchant armour
 p - 2 scrolls of fear
 y - a scroll of identify
 A - a scroll of immolation {unknown}
Potions
 b - 3 potions of magic
 c - 3 potions of degeneration
 e - 3 potions of haste
 h - 2 potions of invisibility
 j - 2 potions of curing
 l - a potion of lignification
 o - a potion of mutation
 q - 2 potions of might
 v - a potion of resistance
 w - a potion of heal wounds
 z - a potion of brilliance
 B - a potion of flight {unknown}


   Skills:
 - Level 1.7 Dodging
 - Level 1.4 Stealth
 + Level 6.3 Spellcasting
 + Level 4.9 Conjurations
 * Level 7.6 Air Magic


You had 9 spell levels left.
You knew the following spells:

 Your Spells              Type           Power      Damage    Failure   Level
a - Shock                 Conj/Air       100%       1d9       1%          1
b - Static Discharge      Conj/Air       28%        N/A       1%          2
c - Swiftness             Air            33%        N/A       1%          3
d - Airstrike             Air            16%        N/A       4%          4

Your spell library contained the following spells:

 Spells                   Type           Power      Damage    Failure   Level
 Pain                     Necr           20%        1d5       12%         1
 Agony                    Necr           5%         N/A       97%         5
 Excruciating Wounds      Necr           2%         N/A       97%         5


Dungeon Overview and Level Annotations

Branches:
Dungeon (7/15)             Temple (1/1) D:5

Altars:
Ashenzari
Cheibriados
Dithmenos
Elyvilon
Fedhas
Gozag
Hepliaklqana
Kikubaaqudgha
Makhleb
Nemelex Xobeh
Okawaru
Qazlal
Ru
Sif Muna
Trog
Uskayaw
Vehumet
Wu Jian
Xom
Yredelemnul
Zin
The Shining One

Shops:
D:6 !

Annotations:
D:4 1 runed translucent door, NigelTetley's ghost, amateur DrTm


Innate Abilities, Weirdness & Mutations

You are too large for most types of armour.
You have tough skin. (AC +1)


Message History

A jelly is nearby!
Found a scroll of identify and a hunting sling.
A jelly is nearby!
A bullfrog comes into view.
There are monsters nearby!
The jelly hits you. The acid corrodes you!
You are splashed with acid!
There are monsters nearby!
You hit the jelly but do no damage.
The jelly is poisoned.
Your hands burn!
The jelly hits you.
You are splashed with acid!
There are monsters nearby!
You are too injured to fight recklessly!
There are monsters nearby!
You are too injured to fight recklessly!
You hit the jelly.
Your hands burn!
The jelly is moderately wounded.
The bullfrog croaks.
The jelly hits you. The acid corrodes you!
You are splashed with acid!
Casting: Airstrike (dangerous; 5% risk of failure)
Confirm with . or Enter, or press ? or * to list all spells.
The jelly is struck by an arc of lightning!
The jelly is almost dead.
You are struck by an arc of lightning.
The lightning grounds out.
The bullfrog hits you!
* * * LOW HITPOINT WARNING * * *
The jelly hits you.
* * * LOW HITPOINT WARNING * * *
The acid corrodes you!
You are splashed with acid!
* * * LOW HITPOINT WARNING * * *
The bullfrog hits you.
* * * LOW HITPOINT WARNING * * *
You kill the jelly!
The bullfrog hits you!
* * * LOW HITPOINT WARNING * * *
Casting: Static Discharge (safe; 1% risk of failure)
Confirm with . or Enter, or press ? or * to list all spells.
The bullfrog is struck by an arc of lightning.
The bullfrog is lightly wounded.
You are struck by an arc of lightning.
You die...
Your body crumbles into a pile of gold.

..##
##.##.....######.#
##.###.###......##
#.#
##.#.####.......##
#.# ##.##
#.........# #.#
#.# #.........#
#.# #.#
#.......).# #.#
#.# ..?......# #.#
#.# .#....$.####.#
#..
...$...F@.....#
###
#.##..##.######
#.....# ##.#### #


You could see a bullfrog.

Vanquished Creatures
  An orc warrior (D:4)
  2 sky beasts (D:6)
  2 centaurs (D:5)
  A kobold brigand (D:5)
  2 necrophages
  5 scorpions
  A howler monkey (D:6)
  2 jellies
  2 hounds
  2 orc priests
  Natasha (thrice) (D:3)
  6 iguanas
  An orc wizard (D:4)
  Terence (D:3)
  7 adders
  A white imp (D:5)
  A worm (D:2)
  2 dart slugs
  8 orcs
  6 bats
  4 endoplasms
  7 giant cockroaches
  5 goblins
  10 hobgoblins
  6 jackals
  8 kobolds
  3 quokkas
  13 ball pythons
  6 frilled lizards
  4 rats
122 creatures vanquished.

Notes
Turn   | Place    | Note
-------+----------+-------------------------------------------
     0 | D:1      | kae the Ogre Air Elementalist began the quest for the Orb.
     0 | D:1      | Reached XP level 1. HP: 16/16 MP: 3/3
   192 | D:1      | Reached skill level 1 in Conjurations
   361 | D:1      | Reached XP level 2. HP: 24/24 MP: 2/5
   369 | D:1      | Reached skill level 3 in Air Magic
   856 | D:1      | Reached XP level 3. HP: 30/31 MP: 0/7
   859 | D:1      | Learned a level 2 spell: Static Discharge
   936 | D:1      | Learned a level 3 spell: Swiftness
  2231 | D:2      | Reached XP level 4. HP: 29/39 MP: 1/8
  2923 | D:3      | Noticed Natasha
  2940 | D:3      | Killed Natasha
  3056 | D:3      | Noticed Natasha
  3062 | D:3      | Killed Natasha
  3063 | D:3      | Reached skill level 4 in Air Magic
  3063 | D:3      | Reached XP level 5. HP: 14/45 MP: 3/10
  3075 | D:3      | Noticed Natasha
  3083 | D:3      | Killed Natasha
  3562 | D:3      | Noticed Terence
  3571 | D:3      | Killed Terence
  3875 | D:3      | Reached XP level 6. HP: 50/53 MP: 1/11
  4428 | D:4      | Reached skill level 5 in Air Magic
  4594 | D:4      | Found a sacrificial altar of Ru.
  4697 | D:4      | Reached XP level 7. HP: 46/59 MP: 6/13
  4800 | D:4      | Found a runed translucent door.
  4805 | D:4      | Noticed NigelTetley's ghost (amateur DrTm)
  5368 | D:5      | Entered Level 5 of the Dungeon
  5380 | D:5      | Learned a level 4 spell: Airstrike
  5492 | D:5      | Reached skill level 5 in Spellcasting
  5492 | D:5      | Reached skill level 6 in Air Magic
  5552 | D:5      | Reached XP level 8. HP: 6/67 MP: 10/15
  6010 | D:5      | Identified the -2 cloak of Dynk {rPois rCorr Dex+2 Stlth+}
  6299 | D:5      | You fall into a shaft and drop 2 floors!
  6593 | D:6      | Reached skill level 7 in Air Magic
  7025 | D:5      | Found a staircase to the Ecumenical Temple.
  7036 | Temple   | Entered the Ecumenical Temple
  7578 | Temple   | Became a worshipper of Gozag Ym Sagoz the Greedy
  7736 | D:6      | Found Dini's Distillery.
  7746 | D:6      | Bought a potion of brilliance for 44 gold pieces
  8667 | D:7      | HP: 1/67 [bullfrog (7)]
  8668 | D:7      | Killed from afar by themself

Illustrated notes

Levels and vault maps discovered:
D:1:      saegor_arrival_simple_d, layout_loops_corners
D:2:      layout_loops_cross
D:3:      layout_basic, uniq_natasha, uniq_terence
D:4:      layout_loops_ring, hangedman_ru_absence, ebering_ghost_sewer_d,
          minmay_unequal
D:5:      layout_loops_ring, temple_hall, roderic_cross_of_infinity,
          due_unseen_surprise
D:6:      layout_basic, serial_shops, shop
D:7:      layout_loops_ring, hangedman_decor_clover_reticule
Temple:   mainiacjoe_temple_starburst

Skill      XL: |  1  2  3  4  5  6  7  8 |
---------------+-------------------------+-----
Conjurations   | 1 2 3 4 |  4.9
Air Magic      | 3 4 5 6 7 |  7.6
Spellcasting   | 3 4 5 6 |  6.3
Dodging        | |  1.7
Stealth        | |  1.4

Action                   |  1- 3 |  4- 6 |  7- 9 || total
-------------------------+-------+-------+-------++-------
Melee: Unarmed           |    17 |       |       ||    17
       Dagger            |    21 |    15 |    12 ||    48
       Punch             |     1 |       |     2 ||     3
 Cast: Shock             |    84 |   117 |    75 ||   276
       Static Discharge  |       |    12 |    23 ||    35
       Airstrike         |       |       |    11 ||    11
  Use: Scroll            |     5 |     4 |     7 ||    16
       Potion            |       |     1 |     2 ||     3
Armor: Robe              |    21 |    11 |    16 ||    48
Dodge: Dodged            |    24 |    13 |    31 ||    68
Block: Other             |     3 |     1 |       ||     4

Table legend: (Time is in decaauts)
 A = Elapsed time spent in this place.
 B = Non-inter-level travel time spent in this place.
 C = Inter-level travel time spent in this place.
 D = Time resting spent in this place.
 E = Time spent auto-exploring this place.
 F = Levels seen in this place.
 G = Mean time per level.
                   A        B        C        D        E       F      G
               +--------+--------+--------+--------+--------+-----+--------+
         Total |   8670 |   8285 |    385 |    546 |   6968 |   8 | 1083.8 |
       Dungeon |   8074 |   7784 |    290 |    546 |   6474 |   7 | 1153.4 |
        Temple |    595 |    501 |     94 |      0 |    494 |   1 |  595.0 |
               +--------+--------+--------+--------+--------+-----+--------+

Top non-repeatable levels by time:
     D:1: 1697 daAuts
     D:5: 1439 daAuts
     D:3: 1266 daAuts
     D:4: 1255 daAuts
     D:2: 1149 daAuts
     D:6: 922 daAuts
  Temple: 595 daAuts
     D:7: 343 daAuts
